 Dungeon Crawl Stone Soup version 0.16-a0-3086-ga63ba9b (webtiles) character file.

85 bullock the Sneak (level 4, -2/27 HPs)
             Began as an Octopode Wizard on Dec 11, 2014.
             Slain by an iguana (8 damage)
             ... on level 3 of the Dungeon.
             The game lasted 00:06:03 (2766 turns).

bullock the Sneak (Octopode Wizard)                 Turns: 2766, Time: 00:06:03

Health: -2/27      AC:  1    Str:  6    XL:     4   Next: 48%
Magic:  4/10       EV: 12    Int: 21    God:
Gold:   168        SH:  0    Dex: 10    Spells: 1 memorised, 9 levels left

rFire  . . .     SeeInvis .     (no weapon)
rCold  . . .     Clarity  .     (no shield)
rNeg   . . .     SustAb   .     b - +0 hat
rPois  .         Gourm    .     (no amulet)
rElec  .         Spirit   .     (no ring)
rCorr  .         Warding  .     (no ring)
rMut   .         Stasis   .     (no ring)
MR     .....                    (no ring)
Stlth  +++.......               (no ring)
                                (no ring)
                                (no ring)
                                (no ring)

@: very slightly contaminated, not resistant to hostile enchantments, fairly
stealthy
A: almost no armour, amphibious, 8 rings, constrict 8, camouflage 1, gelatinous
body 1
a: no special abilities


You were on level 3 of the Dungeon.
You were hungry.

You visited 1 branch of the dungeon, and saw 3 of its levels.

You collected 168 gold pieces.

Inventory:

Armour
 b - a +0 hat (worn)
Scrolls
 a - 2 scrolls of teleportation {unknown}
 g - 2 scrolls of enchant weapon {unknown}
 i - 4 scrolls of identify {unknown}
 j - a scroll of blinking {unknown}
 k - a scroll of fear {unknown}
 q - a scroll of remove curse {unknown}
Potions
 e - a potion of cure mutation {unknown}
 l - a potion of haste {unknown}
 m - 3 potions of curing {unknown}
 n - a potion of cancellation {unknown}
 p - 2 potions of brilliance {unknown}
 r - a potion of might {unknown}
Books
 c - a book of Minor Magic

   Spells                             Type                      Level
   a - Magic Dart                     Conjuration                  1
   b - Blink                          Translocation                2
   c - Call Imp                       Summoning                    2
   d - Repel Missiles                 Charms/Air                   2
   e - Slow                           Hexes                        2
   f - Conjure Flame                  Conjuration/Fire             3
   g - Mephitic Cloud                 Conjuration/Poison/Air       3
Comestibles
 d - 2 bread rations
 f - 3 meat rations
 h - 2 slices of pizza
 o - a beef jerky
 s - a chunk of flesh


   Skills:
 - Level 2.0 Dodging
 + Level 3.7 Stealth
 + Level 3.7 Spellcasting
 * Level 2.8 Conjurations
   Level 1.0 Summonings
   Level 1.0 Translocations


You had 9 spell levels left.
You knew the following spells:

 Your Spells              Type           Power        Failure   Level  Hunger
a - Magic Dart            Conj           ###.         4%          1    None


Dungeon Overview and Level Annotations

Branches:
Dungeon (3/15)

Altars:
Dithmenos
Elyvilon
Okawaru
Qazlal
Ru
Sif Muna


Innate Abilities, Weirdness & Mutations

You cannot wear most types of armour.
You are amphibious.
You can wear up to eight rings at the same time.
You can use your tentacles to constrict many enemies at once.
Your skin changes colour to match your surroundings (Stealth).
Your rubbery body absorbs attacks (AC +1).


Message History

Casting: Magic Dart
Confirm with . or Enter, or press ? or * to list all spells.
You don't know that spell.
Casting: Magic Dart
Confirm with . or Enter, or press ? or * to list all spells.
You don't know that spell.
Casting: Magic Dart
Confirm with . or Enter, or press ? or * to list all spells.
Okay, then.
Drink which item? (? for menu, Esc to quit)
Okay, then.
Casting: Magic Dart
Confirm with . or Enter, or press ? or * to list all spells.
Aiming: Magic Dart
Press: ? - help, Shift-Dir - straight line, f/p - iguana
Aim: an iguana (almost dead)
The magic dart hits the iguana.
The iguana is almost dead.
The iguana bites you!
You die...

.... ..# #. ..##.# ##.#
#.#.## #...###...########
#..#.#.#.........#
.......#.#######.#
.........# #.# #..###.###
#l# #.###.####
####@########
#........###......>....#
#<.##.#......##....)...#
##..##.#......##........#
#.[.##........###.......#
#.#.####......###.......#
....####................#
..........#######.......#
.....###### ####.####


You could see an iguana.

Vanquished Creatures
  4 adders (D:2)
  3 giant geckos
  An ooze (D:1)
  A ball python (D:1)
  8 bats
  5 goblins
  4 hobgoblins
  2 quokkas
  3 giant cockroaches
  A giant newt (D:2)
  5 jackals
  6 kobolds
  7 rats
50 creatures vanquished.

Notes
Turn   | Place    | Note
--------------------------------------------------------------
     0 | D:1      | bullock, the Octopode Wizard, began the quest for the Orb.
     0 | D:1      | Reached XP level 1. HP: 11/11 MP: 4/4
   361 | D:1      | Reached XP level 2. HP: 12/17 MP: 1/6
  1210 | D:2      | Reached XP level 3. HP: 21/21 MP: 2/8
  1211 | D:2      | Found a shadowy altar of Dithmenos.
  1946 | D:2      | Found an iron altar of Okawaru.
  1999 | D:2      | Found a sacrificial altar of Ru.
  2068 | D:2      | Reached XP level 4. HP: 27/27 MP: 6/10
  2184 | D:2      | Found a white marble altar of Elyvilon.
  2186 | D:2      | Found a deep blue altar of Sif Muna.
  2200 | D:2      | Found a stormy altar of Qazlal.
  2766 | D:3      | Slain by an iguana

Action                   |  1- 3 |  4- 6 || total
-------------------------+-------+-------++-------
Melee: Unarmed           |    34 |     2 ||    36
 Cast: Magic Dart        |    84 |    29 ||   113
 Stab: Sleeping          |       |     1 ||     1
  Eat: Chunk             |     2 |     3 ||     5
